 Dungeon Crawl Stone Soup version 0.20-a0-274-g7b51309 (webtiles) character file.

169 AlphabetPasta the Grave Robber (level 5, 0/38 HPs)
             Began as a Centaur Necromancer on Dec 11, 2016.
             Succumbed to a worker ant's poison
             ... on level 3 of the Dungeon.
             The game lasted 00:15:56 (3244 turns).

AlphabetPasta the Grave Robber (CeNe)               Turns: 3244, Time: 00:15:56

Health: 0/38       AC:  4    Str: 11    XL:     5   Next: 25%
Magic:  0/8        EV:  9    Int: 13    God:
Gold:   143        SH:  0    Dex:  9    Spells: 1/9 levels left

rFire  . . .     SeeInvis .     (no weapon)
rCold  + . .     Gourm    .     a - +0 robe
rNeg   . . .     Faith    .     (no shield)
rPois  .         Spirit   .     (no helmet)
rElec  .         Reflect  .     (no cloak)
rCorr  .         Harm     .     (no gloves)
MR     .....                    (no barding)
Stlth  +.........               (no amulet)
                                r - ring of protection from cold
                                (no ring)

@: lethally poisoned (0 -> -14), very slightly contaminated, hasted, very quick
A: hooves 3, deformed body, deterioration 1, dopey 1, speed 2, mutation
resistance 1, tough skin 3
a: no special abilities


You were on level 3 of the Dungeon.
You were hungry.

You visited 1 branch of the dungeon, and saw 3 of its levels.

You collected 143 gold pieces.

Inventory:

Missiles
 l - 2 javelins (quivered)
Armour
 a - a +0 robe (worn)
Rods
 v - a +0 rod of shadows (13/13)
   (You found it on level 3 of the Dungeon)
Jewellery
 n - an uncursed ring of ice {unknown}
 p - an uncursed ring of fire
 r - a ring of protection from cold (right hand)
Scrolls
 d - a scroll of immolation {unknown}
 k - a scroll of enchant armour {unknown}
 o - 5 scrolls of teleportation
 q - a scroll of recharging {unknown}
 u - a scroll of noise {unknown}
Potions
 j - a potion of flight
 m - a potion of cancellation
Books
 b - a book of Necromancy

   Spells                             Type                      Level
   a - Pain                           Necromancy                   1
   b - Animate Skeleton               Necromancy                   1
   c - Vampiric Draining              Necromancy                   3
   d - Regeneration                   Charms/Necromancy            3
   e - Animate Dead                   Necromancy                   4
   f - Control Undead                 Necromancy                   4
Comestibles
 c - 3 bread rations
 f - 2 slices of pizza
 h - 4 fruits
 i - 3 chunks of flesh


   Skills:
 - Level 1.3 Dodging
 - Level 1.1 Stealth
 + Level 2.6 Spellcasting
 * Level 5.3 Necromancy
 + Level 0.0 Evocations


You had one spell level left.
You knew the following spells:

 Your Spells              Type           Power        Failure   Level  Hunger
a - Pain                  Necr           ###.         2%          1    #......
b - Animate Skeleton      Necr           N/A          2%          1    #......
c - Vampiric Draining     Necr           ###.......   10%         3    ###....
d - Regeneration          Chrm/Necr      #.........   28%         3    ###....


Dungeon Overview and Level Annotations

Branches:
Dungeon (3/15)

Altars:


Innate Abilities, Weirdness & Mutations

You have hooves in place of feet.
Armour fits poorly on your strangely shaped body.
You cover ground very quickly.
You have extremely tough skin. (AC +3)
Your body sometimes deteriorates upon taking damage.
You are dopey. (Int -2)
You are somewhat resistant to further mutation.


Message History

You closely miss the worker ant. You kick the worker ant.
The worker ant is heavily wounded.
You feel sick. The worker ant bites you.
* * * LOW HITPOINT WARNING * * *
You hit the worker ant.
The worker ant is heavily wounded.
* * * LOW HITPOINT WARNING * * *
You feel sick. The worker ant barely misses you.
You hit the worker ant but do no damage.
The worker ant is heavily wounded.
* * * LOW HITPOINT WARNING * * *
You feel sick. The worker ant bites you.
* * * LOW HITPOINT WARNING * * *
Casting: Pain
Confirm with . or Enter, or press ? or * to list all spells.
Aiming: Pain
Press: ? - help, Shift-Dir - straight line, f/p - worker ant
Aim: a worker ant (heavily wounded, chance to defeat MR: 80%)
The worker ant writhes in agony!
You die...

##)#.#........# ##≈≈≈..≈≈≈##
#.#.##+#.###.# #
#≈≈≈≈..≈≈≈≈###...# #.# #.#.#
≈≈≈≈≈..≈≈≈≈≈###..## #.###.#.####
≈≈≈≈≈..≈≈≈≈≈≈##..##.#.......#..#
≈≈≈≈≈..≈≈≈≈≈≈≈##.##.....#.###..#
≈≈≈≈≈..≈≈≈≈≈≈≈≈#.######.#.#<#..#
≈≈≈≈≈..≈≈≈≈≈≈≈≈#a# #.#.#.a.[#
≈≈≈≈#..#≈≈≈≈≈≈≈#@# #.#.####.#
.....##........'.# #)#..a...#
.....##........'.# #.########
≈≈≈≈#..#≈≈≈≈≈≈≈#.# #.#
≈≈≈≈≈..≈≈≈≈≈≈≈≈#.# #.#
≈≈≈≈≈.Z≈≈≈≈≈≈≈≈#.#
≈≈≈≈≈..≈≈≈≈≈≈≈##.#
≈≈≈≈≈..≈≈≈≈≈≈##..#
≈≈≈≈≈..≈≈≈≈≈##..#####


You could see a worker ant.

Vanquished Creatures
  Terence (D:2)
  Ijyb (D:2)
  4 adders (D:2)
  An ooze (D:2)
  A worm (D:2)
  5 dart slugs
  3 leopard geckos (D:2)
  3 orcs (D:3)
  A ball python (D:2)
  3 giant cockroaches
  9 goblins
  4 hobgoblins
  2 quokkas
  5 bats
  2 frilled lizards
  10 kobolds
  4 rats (D:1)
59 creatures vanquished.

Vanquished Creatures (collateral kills)
  A bat (D:3)
1 creature vanquished.

Grand Total: 60 creatures vanquished

Notes
Turn   | Place    | Note
-------+----------+-------------------------------------------
     0 | D:1      | AlphabetPasta the Centaur Necromancer began the quest for the Orb.
     0 | D:1      | Reached XP level 1. HP: 14/14 MP: 3/3
   455 | D:1      | Reached XP level 2. HP: 8/20 MP: 0/4
   686 | D:1      | Reached skill level 4 in Necromancy
   796 | D:1      | Learned a level 1 spell: Animate Skeleton
  1439 | D:2      | Reached XP level 3. HP: 25/26 MP: 2/5
  1691 | D:2      | Learned a level 3 spell: Vampiric Draining
  1791 | D:2      | Noticed Ijyb
  1805 | D:2      | Killed Ijyb
  1805 | D:2      | Reached XP level 4. HP: 20/33 MP: 0/7
  2168 | D:2      | Noticed Terence
  2276 | D:2      | Killed Terence
  2276 | D:2      | Reached skill level 5 in Necromancy
  2485 | D:2      | Reached XP level 5. HP: 29/38 MP: 5/8
  2490 | D:2      | Learned a level 3 spell: Regeneration
  3234 | D:3      | Gained mutation: Your body sometimes deteriorates upon taking damage. [potion of mutation]
  3234 | D:3      | Gained mutation: You are dopey. (Int -2) [potion of mutation]
  3234 | D:3      | Gained mutation: You are somewhat resistant to further mutation. [potion of mutation]
  3244 | D:3      | Succumbed to a worker ant's poison

Vault maps used:
D:1:      dpeg_arrival_three_bigger_balls
D:2:      first_bread, uniq_terence, uniq_iyjb
D:3:      kennysheep_big_flooded_room, yredelemnul_forgotten_temple_becter,
          chequers_ecumenical_altar_island

Skill      XL: |  1  2  3  4 |
---------------+-------------+-----
Necromancy     | 4 5 |  5.3
Spellcasting   | 2 |  2.6
Dodging        | |  1.3
Stealth        | |  1.1

Action                   |  1- 3 |  4- 6 || total
-------------------------+-------+-------++-------
Melee: Unarmed           |    50 |    49 ||    99
       Kick              |     5 |     9 ||    14
Throw: Javelin           |       |     1 ||     1
 Cast: Pain              |    53 |    73 ||   126
       Animate Skeleton  |     5 |     5 ||    10
       Vampiric Draining |       |     6 ||     6
  Use: Scroll            |     6 |     3 ||     9
       Potion            |       |     3 ||     3
 Stab: Distracted        |     1 |       ||     1
  Eat: Chunk             |     3 |     4 ||     7
       Beef jerky        |       |     1 ||     1
Armor: Robe              |    16 |    21 ||    37
Dodge: Dodged            |    37 |    40 ||    77
